 Dungeon Crawl Stone Soup version 0.30.0-15-g856e2d3f33 (webtiles) character file.

Game seed: 10698222906746136145

16450 Kenran the Carver (level 12, -7/110 (115) HPs)
             Began as a Minotaur Gladiator on May 18, 2023.
             Was a Priest of Wu Jian.
             Mangled by a seven-headed hydra (11 damage)
             ... on level 2 of the Lair of Beasts.
             The game lasted 00:24:25 (13580 turns).

Kenran the Carver (Minotaur Gladiator)             Turns: 13580, Time: 00:24:26

HP:   -7/110 (115)  AC: 16    Str: 20    XL:     12   Next: 10%
MP:   0/11          EV:  9    Int:  5    God:    Wu Jian [***...]
Gold: 477           SH:  0    Dex: 16    Spells: 11/11 levels left

rFire   + . .        K - +2 morningstar (freeze)
rCold   + . .        (no shield)
rNeg    + . .        B - +0 plate armour
rPois   +            c - +0 hat
rElec   .            u - scarf {rC+ rF+}
rCorr   .            (no gloves)
SInv    .            h - +0 pair of boots
Will    .....        q - amulet of guardian spirit Stlth
                     k - ring of poison resistance
HPRegen 0.38/turn    t - ring of positive energy
MPRegen 0.12/turn

%: guardian spirit
@: about to teleport, lightly drained
A: horns 2, retaliatory headbutt
a: Renounce Religion, Wall Jump, Serpent's Lash


You were on level 2 of the Lair of Beasts.
You worshipped Wu Jian.
Wu Jian was most pleased with you.
You visited 3 branches of the dungeon, and saw 14 of its levels.

You collected 596 gold pieces.
You spent 119 gold pieces at shops.

Inventory:

Hand Weapons
 x - a +0 scimitar
 K - a +2 morningstar of freezing (weapon)
Missiles
 d - 4 throwing nets (quivered)
 e - a javelin
Armour
 c - a +0 hat (worn)
 h - a +0 pair of boots (worn)
 l - a +0 chain mail
 u - a scarf of resistance (worn)
 B - a +0 plate armour (worn)
Jewellery
 k - a ring of poison resistance (left hand)
 q - an amulet of guardian spirit (around neck)
 t - a ring of positive energy (right hand)
Wands
 a - a wand of iceblast (6)
 F - a wand of light (5)
 H - a wand of flame (9)
 J - a wand of polymorph (8)
Scrolls
 f - a scroll of immolation {!r}
 i - a scroll of brand weapon
 j - 2 scrolls of teleportation
 m - 2 scrolls of enchant weapon
 o - 4 scrolls of poison
 p - 2 scrolls of silence
 r - 3 scrolls of vulnerability {!r}
 y - 2 scrolls of magic mapping
 C - 2 scrolls of fog
 D - 2 scrolls of enchant armour
Potions
 b - 4 potions of lignification {!q}
 g - a potion of degeneration {unknown}
 n - 2 potions of cancellation {unknown}
 s - a potion of invisibility {unknown}
 v - a potion of experience {unknown}
 w - 3 potions of attraction {unknown}
 A - a potion of might {unknown}
 E - 2 potions of brilliance {unknown}
 I - 3 potions of flight {unknown}


   Skills:
 + Level 13.0 Fighting
 - Level 14.0 Long Blades
 - Level 2.0 Throwing
 - Level 12.0 Armour
 - Level 6.0 Dodging
 - Level 5.0 Evocations


You had 11 spell levels left.
You didn't know any spells.
Your spell library contained the following spells:

 Spells                   Type           Power      Damage    Failure   Level
 Apportation              Tloc           0%         N/A       100%        1
 Magic Dart               Conj           0%         1d3       100%        1
 Necrotise                Necr           0%         1d4       100%        1
 Summon Small Mammal      Summ           0%         N/A       100%        1
 Call Imp                 Summ           0%         N/A       100%        2
 Dazzling Flash           Conj/Hex       0%         N/A       100%        3
 Frozen Ramparts          Ice            0%         1d1       100%        3
 Mephitic Cloud           Conj/Pois/Air  0%         N/A       100%        3
 Volatile Blastmotes      Fire/Tloc      0%         2d10      100%        3
 Ice Form                 Ice/Tmut       0%         N/A       100%        4
 Iskenderun's Mystic Bla  Conj/Tloc      0%         2d3       100%        4
 Summon Ice Beast         Ice/Summ       0%         N/A       100%        4
 Alistair's Intoxication  Tmut/Pois      0%         N/A       100%        5
 Iskenderun's Battlesphe  Conj           0%         2d6       100%        5
 Summon Forest            Summ/Tloc      0%         N/A       100%        5
 Eringya's Noxious Bog    Tmut/Pois      0%         N/A       100%        6
 Iron Shot                Conj/Erth      0%         9d1       100%        6
 Starburst                Conj/Fire      0%         6d3       100%        6
 Spellforged Servitor     Conj/Summ      0%         N/A       100%        7
 Summon Hydra             Summ           0%         N/A       100%        7


Dungeon Overview and Level Annotations

Branches:
Dungeon (11/15)            Temple (1/1) D:7            Lair (1/5) D:10
    Orc (0/2) D:10

Altars:
Elyvilon
Hepliaklqana
Kikubaaqudgha
Makhleb
Qazlal
Sif Muna
Trog
Uskayaw
Wu Jian
Xom
Yredelemnul

Shops:
D:1 (   D:6 [[[:

Annotations:
D:5 4 runed translucent doors, Crazy Yiuf; engelados's ghost, novice OpCj
D:8 2 transporters
Lair:1 2 transporters, Derghamypt's ghost, journeyman HOMo


Innate Abilities, Weirdness & Mutations

You have a pair of horns on your head.
You reflexively headbutt those who attack you in melee.


Message History

You freeze the seven-headed hydra.
Your attack snaps the seven-headed hydra out of its fear.
Your headbutt misses the seven-headed hydra.
The seven-headed hydra is almost dead.
The yak gores you but does no damage. The seven-headed hydra bites you.
* * * LOW HITPOINT WARNING * * *
The seven-headed hydra barely misses you.
The seven-headed hydra bites you.
* * * LOW HITPOINT WARNING * * *
The seven-headed hydra bites you.
* * * LOW HITPOINT WARNING * * *
The seven-headed hydra bites you!
* * * LOW HITPOINT WARNING * * *
The seven-headed hydra closely misses you.
The seven-headed hydra bites you but does no damage.
You see here a yak corpse.
As you read the scroll of teleportation, it crumbles to dust.
You feel strangely unstable. The yak barely misses you.
You furiously retaliate!
You headbutt the yak!
Okay, then.
Okay, then.
Okay, then.
Okay, then.
Unknown command.
Unknown command.
Aiming: Wall Jump
Press: ? - help, Dir - move target You attack the seven-headed hydra from above.
You puncture the seven-headed hydra!
The seven-headed hydra seems to slow down.
You freeze the seven-headed hydra.
The seven-headed hydra is almost dead.
You attack the yak from above.
You hit the yak. You freeze the yak. You headbutt the yak, but do no damage.
The yak is moderately wounded.
The yak seems to regain its courage.
The yak gores you but does no damage.
The seven-headed hydra barely misses you.
The seven-headed hydra bites you but does no damage. x3
The seven-headed hydra bites you!
You die...

### ###### ##### #
####.####..#.##.#..#.#
##..Y..Y...............
#........°°°...........
##.......°@Y........P..
#.....####DY##.........
##....# ###.#.........
#P..... ###.........
#......# #.........
##....## #..#.Y....
#....# ...####..#
.....# ....


DY. ##... Y. You could see a seven-headed hydra (slow) and 4 yaks.

Vanquished Creatures
  Josephine (D:11)
  A boulder beetle (D:11)
  A two-headed ogre (D:6)
  Nergalle (D:11)
  Pikel (D:4)
  A komodo dragon (D:11)
  A troll (D:10)
  Prince Ribbit (D:6)
  A hornet (D:9)
  Sigmund (D:4)
  23 yaks
  10 wraiths
  A vampire (D:10)
  2 steam dragons
  3 wyverns
  Grum (D:10)
  A basilisk (D:10)
  An acid dragon (D:11)
  A water moccasin (D:10)
  7 orc warriors
  An ice beast (D:6)
  3 sky beasts
  3 black bears
  9 ogres
  A centaur (D:8)
  3 wolves (D:10)
  A phantom (D:6)
  2 lemures (D:3)
  5 kobold brigands
  4 gnoll sergeants
  Blork the orc (D:6)
  5 bullfrogs
  5 scorpions
  10 wights
  12 killer bees
  18 howler monkeys
  10 hounds
  3 jellies
  3 gnoll boudas
  3 orc priests
  3 sleepcaps
  3 iguanas
  6 orc wizards
  10 gnolls
  8 adders
  A shadow imp (D:6)
  2 white imps (D:8)
  2 worms
  4 dart slugs
  32 orcs
  5 endoplasms
  4 giant cockroaches
  10 goblins
  8 hobgoblins
  2 quokkas
  12 ball pythons
  3 bats
  5 frilled lizards
  19 kobolds
  3 rats
304 creatures vanquished.

Vanquished Creatures (others)
  2 orc wizards
2 creatures vanquished.

Grand Total: 306 creatures vanquished

Notes
Turn   | Place    | Note
-------+----------+-------------------------------------------
     0 | D:1      | Kenran the Minotaur Gladiator began the quest for the Orb.
     0 | D:1      | Reached XP level 1. HP: 18/18 MP: 0/0
    61 | D:1      | Reached skill level 4 in Long Blades
   104 | D:1      | Found a faded altar of an unknown god.
   117 | D:1      | Reached XP level 2. HP: 8/25 MP: 1/1
   428 | D:1      | Reached skill level 5 in Long Blades
   522 | D:1      | Reached XP level 3. HP: 30/30 MP: 2/2
   670 | D:1      | Found Efiyn's Antique Weapon Boutique.
   906 | D:2      | Reached XP level 4. HP: 32/37 MP: 3/3
   948 | D:2      | Reached skill level 6 in Long Blades
  1593 | D:3      | Found a white marble altar of Elyvilon.
  2166 | D:4      | Noticed Pikel
  2166 | D:4      | Noticed a lemure
  2166 | D:4      | Noticed a lemure
  2166 | D:4      | Noticed a lemure
  2166 | D:4      | Noticed a lemure
  2185 | D:3      | Killed a lemure
  2194 | D:3      | Killed a lemure
  2312 | D:4      | Noticed a black bear
  2322 | D:3      | Killed a black bear
  2323 | D:3      | Reached skill level 7 in Long Blades
  2323 | D:3      | Reached XP level 5. HP: 42/42 MP: 4/4
  2469 | D:4      | Killed Pikel
  2470 | D:4      | Reached skill level 10 in Long Blades
  2470 | D:4      | Reached XP level 6. HP: 30/51 MP: 1/5
  2470 | D:4      | Reached XP level 7. HP: 34/57 MP: 1/6
  2821 | D:4      | Noticed Sigmund
  2886 | D:4      | Killed Sigmund
  2887 | D:4      | Reached skill level 5 in Fighting
  3091 | D:5      | Entered Level 5 of the Dungeon
  3203 | D:4      | Reached XP level 8. HP: 66/71 MP: 7/7
  3278 | D:5      | Found a runed translucent gate.
  3278 | D:5      | Found a runed translucent gate.
  3278 | D:5      | Found a runed translucent gate.
  3652 | D:5      | Found a runed translucent door.
  3653 | D:5      | Noticed Crazy Yiuf
  3868 | D:5      | Noticed engelados's ghost (novice OpCj)
  4063 | D:6      | Noticed Blork the orc
  4067 | D:6      | Found Rimiskess's Antique Armour Shoppe.
  4071 | D:6      | Killed Blork the orc
  4072 | D:6      | Reached skill level 10 in Fighting
  4072 | D:6      | Found Niceh's Armour Emporium.
  4077 | D:6      | Found Kyosaonu's Antique Armour Boutique.
  4077 | D:6      | Found Opee's Book Shop.
  4459 | D:6      | Reached XP level 9. HP: 83/85 MP: 8/8
  4476 | D:6      | Reached skill level 11 in Long Blades
  4487 | D:6      | Noticed Prince Ribbit
  4500 | D:6      | Killed Prince Ribbit
  4615 | D:6      | Reached skill level 12 in Long Blades
  4761 | D:6      | Reached skill level 13 in Long Blades
  5012 | D:6      | Noticed a two-headed ogre
  5019 | D:6      | Killed a two-headed ogre
  5020 | D:6      | Reached skill level 14 in Long Blades
  5034 | D:6      | Reached XP level 10. HP: 72/94 MP: 7/9
  6284 | D:1      | Bought a runed morningstar for 119 gold pieces
  6497 | D:7      | Reached skill level 1 in Armour
  6594 | D:7      | Found a staircase to the Ecumenical Temple.
  6641 | Temple   | Entered the Ecumenical Temple
  6700 | Temple   | Became a worshipper of the Wu Jian Council
  7279 | D:8      | Found a transporter.
  7304 | D:8      | Found a transporter.
  7304 | D:8      | Found a basalt altar of Yredelemnul.
  7308 | D:8      | Noticed a death knight
  7314 | D:8      | Found an ancient bone altar of Kikubaaqudgha.
  7388 | D:8      | Reached skill level 5 in Armour
  7640 | D:8      | Reached * piety under Wu Jian
  8419 | D:9      | Paralysed by a hornet for 1 turns
  8868 | D:10     | Entered Level 10 of the Dungeon
  8897 | D:10     | Reached XP level 11. HP: 81/103 MP: 7/10
  8903 | D:10     | Found a staircase to the Orcish Mines.
  9067 | D:10     | Reached skill level 10 in Armour
  9335 | D:10     | Found a staircase to the Lair.
  9351 | D:10     | Reached skill level 1 in Evocations
  9397 | D:9      | Reached ** piety under Wu Jian
  9885 | D:10     | Noticed Grum
  9900 | D:10     | Killed Grum
 10831 | D:11     | Reached *** piety under Wu Jian
 10833 | D:11     | Noticed a boulder beetle
 11248 | D:11     | Noticed Sonja
 11252 | D:11     | Noticed Josephine
 11254 | D:11     | Sonja changed into Sonja the jelly
 11254 | D:11     | Noticed Sonja
 11257 | D:11     | Killed Sonja the jelly
 11584 | D:11     | Killed a boulder beetle
 11585 | D:11     | Reached skill level 5 in Evocations
 11715 | D:11     | Killed Josephine
 11716 | D:11     | Reached skill level 5 in Dodging
 12038 | D:11     | Reached XP level 12. HP: 89/113 MP: 8/11
 12054 | D:11     | Noticed Nergalle
 12935 | D:11     | Killed Nergalle
 13478 | Lair:1   | Entered Level 1 of the Lair of Beasts
 13514 | Lair:1   | Noticed Derghamypt's ghost (journeyman HOMo)
 13523 | Lair:1   | Found a transporter.
 13528 | Lair:1   | Found a transporter.
 13535 | Lair:1   | You fall into a shaft and drop 1 floor!
 13547 | Lair:2   | Noticed a six-headed hydra
 13574 | Lair:2   | HP: 5/110 [seven-headed hydra (3)]
 13580 | Lair:2   | Mangled by a seven-headed hydra

Illustrated notes

Levels and vault maps discovered:
D:1:      lightli_arrival_statue_moat, layout_basic, basic_ecumenical_altar,
          serial_shops, nicolae_shop_scrapyard, minmay_tripent
D:2:      layout_rooms, dreamdust_mushroom_princess, grunt_ministairs_6
D:3:      layout_loops_cross, elyvilon_altar_1, corexii_shack,
          grunt_decor_resistance, kennysheep_generic_room_3
D:4:      layout_layer_cave, kennysheep_minor_cross, bh_walls_and_bars,
          uniq_sigmund, uniq_pikel
D:5:      layout_cave_pools, gammafunk_ghost_split, serial_bayou,
          serial_bayou_ford_a, serial_bayou_pond_a, serial_bayou_pond_b,
          serial_bayou_pond_b, uniq_crazy_yiuf_cottage
D:6:      lemuel_castle_with_subvaults [lemuel_castle_interior_carwin_2],
          layout_layer_cave, portal_sewer_entry_e, nicolae_wooded_promenade,
          minivault_11, uniq_blork_the_orc, uniq_prince_ribbit1
D:7:      layout_rooms, nicolae_overflow_hidden_temple,
          minmay_temple_entry_mist, serial_curves, eino_curves_03,
          eino_curves_04
D:8:      layout_basic, gammafunk_temple_of_torment, minmay_misc_feat_columns,
          feat_on_display
D:9:      kennysheep_ambush_hall, layout_basic, serial_park_tiny_pond
D:10:     layout_cross, minmay_lair_entry_grove, orc_0_dummy,
          minmay_misc_feat_x, uniq_grum
D:11:     layout_long_grid, serial_glass, glass_columns_c, glass_columns_c,
          glass_columns_a, glass_columns_a, glass_columns_b, glass_columns_a,
          glass_columns_c, glass_columns_b, glass_columns_a, glass_columns_a,
          uniq_josephine, uniq_sonja, uniq_nergalle
Temple:   mainiacjoe_temple_bowtie_tessellation
Lair:1:   layout_loops_ring, basic_altar, gammafunk_ghost_hive,
          infiniplex_staircase_pool_2
Lair:2:   layout_chaotic_city, nicolae_shoals_entry_roost

Skill      XL: |  1  2  3  4  5  6  7  8  9 10 11 12 |
---------------+-------------------------------------+-----
Long Blades    | 4 5 7 10 14 | 14.0
Fighting       | 3 6 10 12 13 | 13.0
Armour         | 9 12 | 12.0
Evocations     | 5 |  5.0
Dodging        | 6 |  6.0
Throwing       | |  2.0

Action                     |  1- 3 |  4- 6 |  7- 9 | 10-12 || total
---------------------------+-------+-------+-------+-------++-------
  Melee: Long sword        |   101 |   114 |    30 |       ||   245
         Headbutt          |    13 |    16 |    54 |   168 ||   251
         Punch             |     1 |     1 |     2 |    10 ||    14
         Trident           |       |       |    93 |       ||    93
         Scimitar          |       |       |   145 |   736 ||   881
         Morningstar       |       |       |       |     7 ||     7
  Throw: Throwing net      |       |     3 |       |       ||     3
 Invoke: Serpent's Lash    |       |       |       |     1 ||     1
Ability: Lunge             |       |       |       |    27 ||    27
         Whirlwind         |       |       |       |   111 ||   111
         Wall Jump         |       |       |       |     1 ||     1
  Evoke: Wand              |       |       |     6 |     5 ||    11
    Use: Scroll            |     3 |     1 |     4 |     9 ||    17
         Potion            |       |     1 |     2 |     4 ||     7
   Stab: Held in net/web   |       |     1 |       |       ||     1
 Armour: Leather armour    |    17 |       |       |       ||    17
         Chain mail        |    36 |    51 |    92 |       ||   179
         Skin              |       |     9 |       |       ||     9
         Plate armour      |       |       |    38 |   302 ||   340
  Dodge: Dodged            |    50 |    31 |   109 |   203 ||   393
